 Dungeon Crawl Stone Soup version 0.22-a0-136-g83a10e5 (webtiles) character file.

157056 SnubMonkey the Fencer (level 17, -8/170 HPs)
             Began as a Demonspawn Berserker on Feb 4, 2018.
             Was the Champion of Trog.
             Mangled by an emperor scorpion (32 damage)
             ... on level 4 of the Spider Nest.
             The game lasted 01:56:15 (34528 turns).

SnubMonkey the Fencer (Demonspawn Berserker)       Turns: 34528, Time: 01:56:16

Health: -8/170     AC: 34    Str: 23 (24) XL:     17   Next: 11%
Magic:  3/26       EV: 16    Int: 14      God:    Trog [******]
Gold:   2674       SH:  7    Dex: 17 (18) Spells: 16/16 levels left

rFire    . . .     SeeInvis .   a - +8 double sword (slice)
rCold    + . .     Gourm    .   C - +2 buckler {AC+3}
rNeg     . . .     Faith    .   A - +8 chain mail of Tartarus {Dex+6}
rPois    +         Spirit   .   (helmet unavailable)
rElec    .         Reflect  .   T - +0 cloak
rCorr    .         Harm     .   l - +1 pair of gloves
MR       ++...                  k - +2 pair of boots {run}
Stlth    +.........             p - amulet "Rickyu" {rPois rC+ Regen+ MP+9 Int+4}
HPRegen  0.78/turn              r - +1 ring of evasion
MPRegen  0.20/turn              G - ring of protection from magic

@: lethally poisoned (-8 -> -9), berserk cooldown, slowed, very slow
A: horns 3, rugged brown scales 3, nightstalker 2, robust 1, rot immunity
a: Berserk, Trog's Hand, Brothers in Arms, Burn Spellbooks, Renounce Religion


You were on level 4 of the Spider Nest.
You worshipped Trog.
Trog was exalted by your worship.
You were very hungry.

You visited 4 branches of the dungeon, and saw 27 of its levels.
You also visited: Ossuary.

You collected 2674 gold pieces.

Inventory:

Hand Weapons
 a - a +8 double sword of slicing (weapon)
 v - the +4 triple sword of the Messenger {venom, +Rage MR+ Int+3}
   (You found it on level 13 of the Dungeon)

   It poisons the flesh of those it strikes.
   It affects your intelligence (+3).
   It affects your resistance to hostile enchantments.
   It lets you go berserk.
 S - a +2 demon blade of flaming
 V - a +0 blowgun
Missiles
 u - 4 curare-tipped needles
 P - a throwing net (quivered)
 U - 40 poisoned needles
Armour
 k - a +2 pair of boots of running (worn)
 l - a +1 pair of gloves (worn)
 A - the +8 chain mail of Tartarus (worn) {Dex+6}
   (You found it on level 13 of the Dungeon)

   It affects your dexterity (+6).
 C - a +2 buckler of protection (worn)
 T - a +0 cloak (worn)
Jewellery
 i - an uncursed ring of protection from magic
 p - the amulet "Rickyu" (around neck) {rPois rC+ Regen+ MP+9 Int+4}
   (You found it on level 5 of the Dungeon)

   [amulet of regeneration]

   It affects your intelligence (+4).
   It protects you from cold.
   It protects you from poison.
   It affects your magic capacity (+9).
   It increases your rate of regeneration.
 r - a +1 ring of evasion (left hand)
 G - a ring of protection from magic (right hand)
 X - a +3 amulet of reflection
Wands
 j - a wand of flame (66)
 w - a wand of clouds (5)
 x - a wand of digging (24)
 y - a wand of iceblast (33)
 E - a wand of scattershot (7)
 Y - a wand of disintegration (5)
Scrolls
 e - 5 scrolls of fear
 g - 2 scrolls of blinking
 h - 11 scrolls of remove curse
 s - 11 scrolls of teleportation
 t - 2 scrolls of summoning
 B - 5 scrolls of identify
 K - 3 scrolls of magic mapping
 N - a scroll of enchant armour
 O - 2 scrolls of immolation
 Q - 2 scrolls of fog
 W - a scroll of acquirement
Potions
 d - 8 potions of might
 f - a potion of flight
 n - 10 potions of curing
 z - 6 potions of brilliance
 F - 8 potions of heal wounds
 I - 6 potions of haste
 J - a potion of cancellation
 M - 3 potions of invisibility
 Z - a potion of agility
Books
 H - a book of Power

   Spells                             Type                      Level
   a - Iskenderun's Battlesphere      Conjuration/Charms           5
   b - Venom Bolt                     Conjuration/Poison           5
   c - Bolt of Magma                  Conjuration/Fire/Earth       5
   d - Iron Shot                      Conjuration/Earth            6
   e - Orb of Destruction             Conjuration                  7
   f - Spellforged Servitor           Conjuration/Summoning        7
   Trog disapproves of the use of such an item.
Comestibles
 b - 2 chunks of flesh
 c - 25 rations


   Skills:
 + Level 16.6 Fighting
 + Level 16.9 Long Blades
 + Level 12.6 Armour
 + Level 11.1 Dodging
 - Level 4.0 Shields


You had 16 spell levels left.
You didn't know any spells.

Dungeon Overview and Level Annotations

Branches:
Dungeon (15/15)            Temple (0/1) D:7            Lair (6/6) D:8
 Shoals (0/4) Lair:4       Spider (4/4) Lair:4        Slime (0/5) Lair:6
    Orc (2/2) D:11            Elf (0/3) Orc:2        Vaults (0/5) D:14
 Depths (0/5) D:15

Altars:
Cheibriados
Makhleb
Sif Muna
Xom
The Shining One
Beogh

Shops:
D:15 *   Orc:2 :[*(

Annotations:
Lair:1 exclusion: oklob plant
Lair:4 exclusion: oklob plant


Innate Abilities, Weirdness & Mutations

You have a pair of large horns on your head.
You are completely covered in rugged brown scales. (AC +3, +7% HP)
You are significantly more attuned to the shadows.
You are robust. (+10% HP)
You are immune to rotting.


Message History

You are exhausted.
You feel yourself slow down.
You feel sick.
You slash the emperor scorpion!
You headbutt the emperor scorpion, but do no damage.
The emperor scorpion is severely wounded.
You feel sick. The emperor scorpion barely misses you.
You block the emperor scorpion's attack. x2
The emperor scorpion barely misses you.
You riposte.
You slash the emperor scorpion!
The emperor scorpion is almost dead.
The emperor scorpion claws you but does no damage.
The emperor scorpion claws you.
* * * LOW HITPOINT WARNING * * *
Your cyclops goes berserk!
You are feeling very hungry.
You feel sick. The emperor scorpion stings you!!
* * * LOW HITPOINT WARNING * * *
You block the emperor scorpion's attack. x2
The emperor scorpion stings you!!
You die...

.# #≈..###..# ##≈...##
.####≈^≈÷### #.....# ..#
##....# ##.≈.≈## .^#
##≈..≈## ###^..#
..###≈##≈.^##+## ##.≈#
..''..##..≈##... #..≈#
..''..≈†..≈##..y #≈.≈###
.^''......###..s#####.≈≈#
..###≈....## #@..##≈.≈#
..# ##≈...≈# #'.C....^#
..# ##≈..≈##...##≈....##
.## ###..##... ####..# .#
##≈..##... ##.## .#
###≈.≈###### ##≈.# ##
##≈≈.^≈##### ###≈.≈# #
##≈...###...###≈≈..≈# #
#≈...≈##.≈≈.##≈...≈##


You could see an emperor scorpion (berserk), a moth of wrath and a friendly
cyclops (berserk).

Vanquished Creatures
  2 ghost moths (Spider:4)
  3 emperor scorpions
  A stone giant (Orc:2)
  2 entropy weavers
  Nessos (Orc:2)
  2 spark wasps (Spider:4)
  A dire elephant (D:15)
  2 ettins
  The ghost of varam the Destroyer, a journeyman DsFE of Vehumet (Lair:3)
  Josephine (D:10)
  A fire dragon (Lair:6)
  The ghost of ThereIsNoGod the Grappler, a journeyman TrMo of Cheibriados (D:10)
  7 hydras
  2 catoblepae (Lair:6)
  3 ogre magi
  18 two-headed ogres
  A centaur warrior (D:15)
  3 death yaks (Lair:6)
  2 tengu warriors
  4 skeletal warriors (D:14)
  2 unseen horrors
  2 deep trolls (Orc:2)
  An obsidian statue (D:13)
  A swamp dragon (Lair:6)
  A lindwurm (Lair:6)
  A necromancer (Spider:1)
  Pikel (D:4)
  A wizard (D:15)
  5 orc knights
  3 deep elf magi (D:14)
  21 orb spiders
  7 ugly things
  10 wolf spider zombies
  A cyclops (Orc:2)
  18 wolf spiders
  An orc sorcerer (D:15)
  3 manticores
  A moth of wrath (Spider:4)
  2 elephants (Lair:6)
  A black mamba (Lair:6)
  4 torpor snails
  11 spiny frogs
  A gargoyle (D:15)
  8 komodo dragons
  4 kobold demonologists
  2 ice devils (D:12)
  8 redback zombies (Spider:1)
  3 yaktaurs (D:14)
  11 demonic crawlers
  2 tengu conjurers
  5 rime drakes
  32 jumping spiders
  9 trolls
  A polar bear (Lair:4)
  A queen bee (D:9)
  Prince Ribbit (D:8)
  17 hornets
  Grinder (D:5)
  19 blink frogs
  8 tarantella zombies (Spider:1)
  A meliai zombie (D:15)
  3 dream sheep (Lair:6)
  6 slime creatures (D:15)
  14 hippogriffs
  53 redbacks
  8 wraiths
  22 tarantellas
  5 wyverns
  26 yaks
  Grum (D:8)
  A hungry ghost (D:11)
  3 basilisks
  2 steam dragons (Lair:6)
  Menkaure (D:7)
  2 wargs
  6 vampire mosquitoes (D:13)
  4 acid dragons
  16 water moccasins
  8 porcupines
  Duvessa (D:7)
  2 swamp drakes (Lair:6)
  4 sky beasts
  3 phantoms
  4 ice beasts
  4 black bears
  A hornet zombie (D:9)
  27 orc warriors
  27 wolves
  36 ogres
  15 centaurs
  14 crocodiles
  3 big kobolds
  Blork the orc (D:6)
  3 wyvern zombies
  16 bullfrogs
  Dowan (D:7)
  10 scorpions
  31 killer bees
  3 wights (Ossuary)
  The ghost of varam the Firebug, a weakling DsFE (D:3)
  6 howler monkeys (D:11)
  4 electric eels
  7 crimson imps
  2 bullfrog zombies
  A quasit (D:9)
  3 centaur zombies
  6 hounds
  6 jellies
  7 centaur skeletons
  17 orc priests
  3 iguanas
  16 orc wizards
  8 worker ants
  A hound zombie (D:9)
  7 gnolls
  8 adders
  A shadow imp (D:13)
  An ooze (Lair:6)
  2 adder zombies
  2 adder skeletons
  3 worms
  4 dart slugs
  9 leopard geckos
  85 orcs
  3 ball pythons
  3 bats
  6 giant cockroaches
  5 goblins
  7 hobgoblins
  15 jackals
  8 quokkas
  2 ball python skeletons (Ossuary)
  7 frilled lizards
  A hobgoblin skeleton (Ossuary)
  A hobgoblin zombie (Ossuary)
  16 kobolds
  2 orc skeletons (Ossuary)
  3 orc zombies (Ossuary)
  11 rats
977 creatures vanquished.

Vanquished Creatures (collateral kills)
  Rupert (Lair:4)
  A hydra (Lair:2)
  A manticore (D:12)
  Psyche (D:10)
  A spiny frog (Lair:2)
  A crocodile (Lair:2)
  A scorpion (Lair:2)
7 creatures vanquished.

Vanquished Creatures (others)
  A deep elf knight (D:14)
  2 wolves (Lair:6)
  2 hounds (D:4)
  5 fungi
  13 plants
23 creatures vanquished.

Grand Total: 1007 creatures vanquished

Notes
Turn   | Place    | Note
-------+----------+-------------------------------------------
     0 | D:1      | SnubMonkey the Demonspawn Berserker began the quest for the Orb.
     0 | D:1      | Reached XP level 1. HP: 18/18 MP: 1/1
   240 | D:1      | Gained mutation: You are partially covered in rugged brown scales. (AC +1, +3% HP) [demonic ancestry]
   240 | D:1      | Reached XP level 2. HP: 7/24 MP: 2/2
  1037 | D:1      | Gained mutation: You are mostly covered in rugged brown scales. (AC +2, +5% HP) [demonic ancestry]
  1037 | D:1      | Reached XP level 3. HP: 23/30 MP: 3/3
  1622 | D:2      | Reached ** piety under Trog
  1896 | D:2      | Gained mutation: You are immune to rotting. [demonic ancestry]
  1896 | D:2      | Reached XP level 4. HP: 9/38 MP: 4/4
  2228 | D:2      | Found a glowing golden altar of the Shining One.
  2228 | D:2      | Found a shimmering altar of Xom.
  2888 | D:3      | Noticed varam's ghost (weakling DsFE)
  3174 | D:3      | Gained mutation: You have a pair of small horns on your head. [demonic ancestry]
  3174 | D:3      | Reached XP level 5. HP: 40/44 MP: 5/5
  3412 | D:3      | Killed varam's ghost
  3412 | D:3      | Reached skill level 5 in Long Blades
  3570 | D:3      | Found a faded altar of an unknown god.
  4053 | D:4      | Noticed Pikel
  4053 | D:4      | Noticed a slave
  4053 | D:4      | Noticed a slave
  4053 | D:4      | Noticed a slave
  4054 | D:4      | Noticed a slave
  4063 | D:4      | Killed Pikel
  4063 | D:4      | Reached skill level 5 in Fighting
  4063 | D:4      | Reached XP level 6. HP: 53/53 MP: 6/6
  4063 | D:4      | Reached XP level 7. HP: 58/58 MP: 7/7
  4115 | D:4      | Reached *** piety under Trog
  4726 | D:5      | Entered Level 5 of the Dungeon
  4904 | D:5      | Gained mutation: You are slightly more attuned to the shadows. [demonic ancestry]
  4904 | D:5      | Reached XP level 8. HP: 42/67 MP: 8/8
  5078 | D:5      | Noticed Grinder
  5089 | D:5      | Killed Grinder
  5358 | D:5      | Got a slimy emerald amulet
  6110 | D:5      | Identified the amulet "Rickyu" {rPois rC+ Regen+ MP+9 Int+4} (You found it on level 5 of the Dungeon)
  6599 | D:6      | Found a snail-covered altar of Cheibriados.
  6613 | D:6      | Found a burning altar of Makhleb.
  6710 | D:6      | Noticed Blork the orc
  6742 | D:6      | Killed Blork the orc
  6748 | D:6      | Found a deep blue altar of Sif Muna.
  6899 | D:6      | Got a heavily runed ring mail
  7018 | D:6      | Identified the cursed +0 ring mail "Peiwke" {+Inv MR+ Regen+ rCorr} (You found it on level 6 of the Dungeon)
  7083 | D:7      | Got a warped leather armour
  7120 | D:7      | Identified the +1 leather armour of Resourcefulness {Str+6} (You found it on level 7 of the Dungeon)
  7267 | D:7      | Found a staircase to the Ecumenical Temple.
  7293 | D:7      | Noticed a hippogriff
  7297 | D:7      | Killed a hippogriff
  7297 | D:7      | Gained mutation: You have a pair of horns on your head. [demonic ancestry]
  7297 | D:7      | Reached XP level 9. HP: 75/75 MP: 9/9
  7497 | D:7      | Noticed Menkaure
  7504 | D:7      | Killed Menkaure
  7562 | D:7      | Noticed Dowan
  7568 | D:7      | Noticed Duvessa
  7579 | D:7      | Killed Duvessa
  7584 | D:7      | Killed Dowan
  7933 | D:8      | Found a sand-covered staircase.
  7942 | Ossuary  | Entered an ossuary
  7990 | Ossuary  | Reached **** piety under Trog
  8114 | Ossuary  | Reached skill level 10 in Long Blades
  8229 | D:8      | Noticed a two-headed ogre
  8240 | D:8      | Killed a two-headed ogre
  8386 | D:8      | Noticed Prince Ribbit
  8397 | D:8      | Killed Prince Ribbit
  8480 | D:8      | Found a snail-covered altar of Cheibriados.
  8483 | D:8      | Found a staircase to the Lair.
  8495 | D:8      | Noticed Grum
  8500 | D:8      | Killed Grum
  8500 | D:8      | Reached XP level 10. HP: 86/86 MP: 10/10
  9324 | D:9      | Received a gift from Trog
  9976 | D:9      | Reached ***** piety under Trog
 10217 | D:10     | Entered Level 10 of the Dungeon
 10276 | D:10     | Noticed ThereIsNoGod's ghost (journeyman TrMo)
 10340 | D:10     | Killed ThereIsNoGod's ghost
 10340 | D:10     | Reached skill level 10 in Fighting
 10340 | D:10     | Gained mutation: You have a pair of large horns on your head. [demonic ancestry]
 10340 | D:10     | Reached XP level 11. HP: 84/94 MP: 11/11
 10458 | D:10     | Noticed Josephine
 10843 | D:10     | Noticed Psyche
 10848 | D:10     | Killed Psyche
 10925 | D:10     | Noticed a two-headed ogre
 10935 | D:10     | Killed a two-headed ogre
 10935 | D:10     | Reached skill level 5 in Armour
 11076 | D:10     | Killed Josephine
 11266 | Lair:1   | Entered Level 1 of the Lair of Beasts
 11886 | Lair:1   | Noticed an oklob plant
 11938 | Lair:1   | You fall through a shaft!
 12798 | Lair:2   | Noticed an eight-headed hydra
 12808 | Lair:2   | Gained mutation: You are robust. (+10% HP) [demonic ancestry]
 12808 | Lair:2   | Reached XP level 12. HP: 87/115 MP: 12/12
 12810 | Lair:2   | Killed a nine-headed hydra
 12862 | Lair:2   | Received a gift from Trog
 14004 | Lair:3   | Noticed varam's ghost (journeyman DsFE)
 14032 | Lair:3   | Killed varam's ghost
 14615 | Lair:4   | Found a staircase to the Shoals.
 14742 | Lair:4   | Noticed a five-headed hydra
 14757 | Lair:4   | Killed a five-headed hydra
 14900 | Lair:4   | Found a hole to the Spider Nest.
 15296 | Lair:4   | Noticed Rupert
 15679 | Lair:4   | Killed Rupert
 15833 | Lair:4   | Reached skill level 5 in Dodging
 16156 | Lair:4   | Gained mutation: You are completely covered in rugged brown scales. (AC +3, +7% HP) [demonic ancestry]
 16156 | Lair:4   | Reached XP level 13. HP: 106/126 MP: 13/13
 17373 | Lair:6   | Entered Level 6 of the Lair of Beasts
 18026 | D:11     | Found a roughly hewn altar of Beogh.
 18256 | D:11     | Found a staircase to the Orcish Mines.
 18523 | D:11     | Received a gift from Trog
 19277 | D:11     | Reached skill level 1 in Shields
 20253 | D:12     | Received a gift from Trog
 21492 | Lair:6   | Found a staircase to the Slime Pits.
 21754 | Lair:6   | Gained mutation: You are significantly more attuned to the shadows. [demonic ancestry]
 21754 | Lair:6   | Reached XP level 14. HP: 139/139 MP: 7/14
 22534 | Lair:6   | Reached skill level 10 in Armour
 22866 | Lair:6   | Received a gift from Trog
 24662 | D:13     | Found a glowing golden altar of the Shining One.
 24838 | D:13     | Got a slimy triple sword
 24842 | D:13     | Got a bloodstained chain mail
 24859 | D:13     | Identified the +8 chain mail of Tartarus {Dex+6} (You found it on level 13 of the Dungeon)
 24870 | D:13     | Identified the +4 triple sword of the Messenger {venom, +Rage MR+ Int+3} (You found it on level 13 of the Dungeon)
 25469 | D:14     | Reached ****** piety under Trog
 25560 | D:14     | Found a gate to the Vaults.
 25619 | D:14     | Received a gift from Trog
 25776 | D:14     | Reached XP level 15. HP: 133/148 MP: 8/15
 26284 | Orc:1    | Entered Level 1 of the Orcish Mines
 26632 | Orc:2    | Entered Level 2 of the Orcish Mines
 26884 | Orc:2    | Found a staircase to the Elven Halls.
 27019 | Orc:2    | Found a roughly hewn altar of Beogh.
 27154 | Orc:2    | Reached skill level 15 in Fighting
 27330 | Orc:2    | Received a gift from Trog
 27377 | Orc:2    | Found Houtyom's Antique Weapon Shop.
 27402 | Orc:2    | Reached skill level 15 in Long Blades
 27642 | Orc:2    | Found Udegaf's Assorted Antiques.
 27731 | Orc:2    | Received a gift from Trog
 27902 | Orc:2    | Noticed Nessos
 27914 | Orc:2    | Found a roughly hewn altar of Beogh.
 27919 | Orc:2    | Killed Nessos
 28068 | Orc:2    | Found Izuqimpu's Antique Armour Boutique.
 28073 | Orc:2    | Found Yraskiq's Book Boutique.
 28210 | Orc:1    | Found a roughly hewn altar of Beogh.
 28308 | Orc:1    | Identified a scroll of acquirement
 28315 | Orc:1    | Identified a +2 pair of boots of running (You acquired it on level 1 of the Orcish Mines)
 28426 | D:15     | Entered Level 15 of the Dungeon
 28896 | D:15     | Found Rumed's Demolitions Depot.
 29041 | D:15     | Found a staircase to the Depths.
 29877 | Spider:1 | Entered Level 1 of the Spider Nest
 29923 | Spider:1 | Received a gift from Trog
 29996 | Spider:1 | Reached XP level 16. HP: 150/160 MP: 16/16
 31198 | Spider:1 | Reached skill level 10 in Dodging
 31319 | Spider:1 | Received a gift from Trog
 31785 | Spider:1 | Got a pair of polished boots
 31838 | Spider:1 | Identified the +0 pair of boots of the Sacrificial Victim {Int+5} (You found it on level 1 of the Spider Nest)
 32543 | Spider:3 | Paralysed by a hornet for 2 turns
 32663 | Spider:3 | Received a gift from Trog
 33356 | Spider:4 | Entered Level 4 of the Spider Nest
 34276 | Spider:4 | Received a gift from Trog
 34310 | Spider:4 | Reached XP level 17. HP: 169/169 MP: 0/17
 34528 | Spider:4 | Mangled by an emperor scorpion

Vault maps used:
D:1:      lightli_arrival_statuegarden
D:2:      gammafunk_temple_overflow_statue, first_ration, st_stairs_12
D:3:      chequers_ecumenical_altar_island
D:4:      kennysheep_boxes, uniq_pikel
D:5:      uniq_grinder
D:6:      kennysheep_slug_shrine, tgw_sif, basic_altar
D:7:      temple_green, uniq_duvessa, uniq_menkaure
D:8:      lair_entry_dummy, basic_altar, enter_ossuary_1, uniq_grum,
          uniq_prince_ribbit1
D:9:      david_nohive_1, minivault_19
D:10:     uniq_josephine, uniq_psyche
D:11:     david_orc_3, special_room, hex_tiny
D:12:     portal_ice_cave_demonic_guard
D:13:     basic_altar, minmay_misc_feat_hallway, minivault_15
D:14:     hangedman_vaults_entry_quadrant_bands, serial_bayou_lagoon_a
D:15:     hangedman_depths_entry_try_elsewhere_first,
          minmay_misc_feat_more_columns, nicolae_blasting_shop
Lair:1:   minmay_lair_oklob_chamber
Lair:2:   beast_lair_carwin_large_1, infiniplex_staircase_pool_2,
          grunt_megastairs_3
Lair:3:   serial_forest, infiniplex_forest_clump_curved,
          infiniplex_forest_zigzag_1, infiniplex_forest_straight_2,
          infiniplex_forest_clump_tiny, infiniplex_forest_lined_3,
          infiniplex_forest_clump_C
Lair:4:   elwin_shoals_entry_rocks, nicolae_spider_entry_tight_spaces,
          lemuel_fruit_fields, uniq_rupert
Lair:6:   hangedman_lair_in_review, guppyfry_lair_end_dragon,
          nicolae_slime_entry_slimehenge
Spider:1: lemuel_spider_zombies
Spider:3: spiders_nest_scorpion_pit, hangedman_spider_tarantella_strand
Spider:4: spider_rune_water
Orc:1:    basic_altar
Orc:2:    st_orc_open, basic_altar, mines2_david, uniq_nessos
Ossuary:  ossuary_due_cavern

Skill      XL: |  1  2  3  4  5  6  7  8  9 10 11 12 13 14 15 16 17 |
---------------+----------------------------------------------------+-----
Long Blades    | 3 4 6 7 9 11 12 13 14 16 | 16.9
Fighting       | 4 5 6 7 8 10 11 12 13 14 15 16 | 16.6
Armour         | 4 6 8 9 11 12 | 12.6
Dodging        | 2 5 7 9 10 11 | 11.1
Shields        | 4 |  4.0

Action                   |  1- 3 |  4- 6 |  7- 9 | 10-12 | 13-15 | 16-18 || total
-------------------------+-------+-------+-------+-------+-------+-------++-------
Melee: Falchion          |   108 |   190 |   220 |       |       |       ||   518
       Headbutt          |       |    19 |    78 |   157 |   510 |   139 ||   903
       Scimitar          |       |       |    38 |   686 |  1338 |       ||  2062
       Long sword        |       |       |    28 |       |       |       ||    28
       Dagger            |       |       |       |     5 |    62 |       ||    67
       Double sword      |       |       |       |       |   238 |   498 ||   736
 Fire: Hunting sling     |       |       |    28 |       |       |       ||    28
Invok: Berserk           |     2 |     2 |     5 |     8 |    14 |     4 ||    35
       Trog's Hand       |       |       |     3 |     2 |     2 |       ||     7
       Brothers in Arms  |       |       |       |     4 |     2 |     1 ||     7
       Burn Spellbooks   |       |       |       |     1 |       |       ||     1
Evoke: Wand              |       |       |       |       |       |    33 ||    33
  Use: Scroll            |     2 |     1 |     9 |    12 |    12 |     2 ||    38
       Potion            |       |       |       |     2 |     1 |       ||     3
 Stab: Sleeping          |       |       |     9 |     5 |       |       ||    14
       Paralysed         |       |       |       |       |       |     4 ||     4
       Held in net/web   |       |       |       |       |       |     1 ||     1
  Eat: Chunk             |     4 |     9 |    13 |    15 |    38 |     8 ||    87
       Ration            |       |       |     2 |     6 |     7 |     2 ||    17
Armor: Animal skin       |    14 |       |       |       |       |       ||    14
       Leather armour    |     6 |    30 |       |       |       |       ||    36
       Scale mail        |       |    56 |    30 |       |       |       ||    86
       Chain mail        |       |       |    30 |   197 |   454 |   265 ||   946
       Ring mail         |       |       |    39 |   135 |       |       ||   174
       Plate armour      |       |       |       |       |   274 |       ||   274
Dodge: Dodged            |    74 |   107 |   142 |   333 |   738 |   313 ||  1707
Block: Buckler           |       |       |       |       |   337 |   149 ||   486
       Rpst.: Falchion   |    26 |    40 |    36 |       |       |       ||   102
       Scimitar          |       |       |     7 |    96 |   140 |       ||   243
       Long sword        |       |       |     6 |       |       |       ||     6
       Double sword      |       |       |       |       |    31 |    64 ||    95

Table legend:
 A = Spawn XP
 B = Non-spawn XP
 C = Spawn XP percentage of total XP
 D = Spawn monster count
 E = Non-spawn monster count
 F = Spawn count percentage of total count
 G = Total turns spent on level
                    A         B        C        D         E        F      G
               +---------+---------+-------+---------+---------+-------+---------
         Total |       0 |  224366 |   0.0 |       0 |     984 |   0.0 | 34528
               +---------+---------+-------+---------+---------+-------+---------
           D:1 |       0 |      53 |   0.0 |       0 |      28 |   0.0 |  1458
           D:2 |       0 |     104 |   0.0 |       0 |      16 |   0.0 |  1499
           D:3 |       0 |     172 |   0.0 |       0 |      30 |   0.0 |   852
           D:4 |       0 |     857 |   0.0 |       0 |      14 |   0.0 |   917
           D:5 |       0 |     812 |   0.0 |       0 |      20 |   0.0 |  1447
           D:6 |       0 |     259 |   0.0 |       0 |       7 |   0.0 |   858
           D:7 |       0 |    1153 |   0.0 |       0 |      22 |   0.0 |   871
           D:8 |       0 |    2180 |   0.0 |       0 |      13 |   0.0 |   978
           D:9 |       0 |    4377 |   0.0 |       0 |      48 |   0.0 |  1345
          D:10 |       0 |    5456 |   0.0 |       0 |      29 |   0.0 |  1030
          D:11 |       0 |    7663 |   0.0 |       0 |      83 |   0.0 |  2175
          D:12 |       0 |    8249 |   0.0 |       0 |      35 |   0.0 |  1606
          D:13 |       0 |    5092 |   0.0 |       0 |      27 |   0.0 |  1220
          D:14 |       0 |   17125 |   0.0 |       0 |      48 |   0.0 |  1359
          D:15 |       0 |   16812 |   0.0 |       0 |      51 |   0.0 |  1222
        Lair:1 |       0 |    2757 |   0.0 |       0 |      14 |   0.0 |  1047
        Lair:2 |       0 |    4610 |   0.0 |       0 |      30 |   0.0 |  1336
        Lair:3 |       0 |    5346 |   0.0 |       0 |      21 |   0.0 |  1377
        Lair:4 |       0 |   12020 |   0.0 |       0 |      36 |   0.0 |  1730
        Lair:5 |       0 |    2059 |   0.0 |       0 |      10 |   0.0 |   900
        Lair:6 |       0 |   23533 |   0.0 |       0 |      75 |   0.0 |  2301
      Spider:1 |       0 |   26096 |   0.0 |       0 |      72 |   0.0 |  1115
      Spider:2 |       0 |    7229 |   0.0 |       0 |      22 |   0.0 |   917
      Spider:3 |       0 |   20317 |   0.0 |       0 |      60 |   0.0 |  1447
      Spider:4 |       0 |   26155 |   0.0 |       0 |      56 |   0.0 |  1172
         Orc:1 |       0 |    2882 |   0.0 |       0 |      19 |   0.0 |   505
         Orc:2 |       0 |   20375 |   0.0 |       0 |      84 |   0.0 |  1557
       Ossuary |       0 |     623 |   0.0 |       0 |      14 |   0.0 |   287
               +---------+---------+-------+---------+---------+-------+---------
